 Dungeon Crawl Stone Soup version 0.28.0-45-g0d030f2227 (webtiles) character file.

Game seed: 2541341790102207111

378 NinjaNoafa the Vexing (level 6, 0/42 HPs)
             Began as a Gnoll Arcane Marksman on Apr 11, 2022.
             Slain by a gnoll
             ... wielding a +0 spear
              (1 damage)
             ... on level 4 of the Dungeon.
             The game lasted 00:08:07 (3095 turns).

NinjaNoafa the Vexing (Gnoll Arcane Marksman)       Turns: 3095, Time: 00:08:08

Health: 0/42       AC:  3    Str:  8 (10) XL:     6   Next: 74%
Magic:  11/11      EV:  7    Int: 11 (14) God:
Gold:   163        SH:  0    Dex: 12 (14) Spells: 11/12 levels left

rFire   . . .      SeeInvis .   b - +6 broad axe "Raefiul" {vorpal, Will+ Int+2}
rCold   . . .      Faith    .   (no shield)
rNeg    . . .      Spirit   .   d - +0 robe
rPois   .          Reflect  .   j - +0 hat
rElec   .          Harm     .   (no cloak)
rCorr   .          Rampage  .   (no gloves)
Will    +....                   k - +0 pair of boots
Stlth   ++........              (no amulet)
HPRegen 0.14/turn               (no ring)
MPRegen 0.12/turn               (no ring)

@: about to teleport, held
A: fangs 1, strong nose, distributed training, deterioration 1, frail 1,
MP-powered wands
a: no special abilities


You were on level 4 of the Dungeon.
You visited 1 branch of the dungeon, and saw 4 of its levels.

You collected 163 gold pieces.

Inventory:

Hand Weapons
 a - a +0 hand crossbow
 b - the +6 broad axe "Raefiul" (weapon) {vorpal, Will+ Int+2}
   (You found it on level 4 of the Dungeon)

   It inflicts extra damage upon your enemies.
   Int:       It affects your intelligence (+2).
   Will:      It increases your willpower.
 p - a +0 flail
 r - a +3 vorpal battleaxe
Missiles
 c - 87 bolts
 e - 5 boomerangs (quivered)
 h - 144 stones
 l - 2 javelins
 o - 39 arrows
 t - 27 sling bullets
Armour
 d - a +0 robe (worn)
 j - a +0 hat (worn)
 k - a +0 pair of boots (worn)
Scrolls
 m - a scroll of magic mapping
 n - a scroll of amnesia {unknown}
 q - a scroll of enchant weapon {unknown}
 s - a scroll of teleportation
 u - 2 scrolls of identify {unknown}
 v - a scroll of fear {unknown}
Potions
 g - 2 potions of resistance
 i - a potion of cancellation


   Skills:
 + Level 3.3 Fighting
 + Level 2.1 Short Blades
 + Level 2.1 Long Blades
 + Level 2.1 Axes
 + Level 2.1 Maces & Flails
 + Level 2.1 Polearms
 + Level 2.1 Staves
 + Level 2.1 Slings
 + Level 2.1 Bows
 + Level 5.0 Crossbows
 + Level 2.1 Throwing
 + Level 2.1 Armour
 + Level 5.0 Dodging
 + Level 2.1 Stealth
 + Level 2.1 Shields
 + Level 2.1 Unarmed Combat
 + Level 3.5 Spellcasting
 + Level 1.6 Conjurations
 + Level 5.7 Hexes
 + Level 1.6 Summonings
 + Level 1.6 Necromancy
 + Level 1.6 Translocations
 + Level 1.6 Transmutations
 + Level 1.6 Fire Magic
 + Level 1.6 Ice Magic
 + Level 1.6 Air Magic
 + Level 1.6 Earth Magic
 + Level 1.6 Poison Magic
 + Level 2.3 Invocations
 + Level 2.1 Evocations


You had 11 spell levels left.
You knew the following spells:

 Your Spells              Type           Power      Damage    Failure   Level
a - Slow                  Hex            56%        N/A       2%          1

Your spell library contained the following spells:

 Spells                   Type           Power      Damage    Failure   Level
 Inner Flame              Hex/Fire       10%        N/A       17%         3
 Portal Projectile        Hex/Tloc       20%        N/A       17%         3
 Static Discharge         Conj/Air       5%         N/A       19%         2
 Cause Fear               Hex            7%         N/A       24%         4
 Dispel Undead            Necr           5%         3d7       77%         4
 Sticky Flame             Conj/Fire      5%         2d3       77%         4


Dungeon Overview and Level Annotations

Branches:
Dungeon (4/15)
 Temple: D:4-7

Altars:

Portals:
Sewer: D:4


Innate Abilities, Weirdness & Mutations

You have very sharp teeth.
Your uncanny sense of smell can sniff out nearby items.
Your experience applies equally to all skills.
Your body sometimes deteriorates upon taking damage.
You are frail. (-10% HP)
You expend magic power (3 MP) to strengthen your wands.


Message History

You barely miss the gnoll.
The gnoll shouts! x2
You slash the kobold!
You kill the kobold!
The gnoll closely misses you.
You hit the gnoll. Your bite misses the gnoll.
The gnoll is moderately wounded.
The gnoll throws a throwing net.
The throwing net misses you.
You hear a splash.
The gnoll misses you.
The gnoll throws a throwing net.
The throwing net hits you.
You become entangled in the net!
The gnoll hits you with a +0 spear!
It was a potion of degeneration.
There was something very wrong with that liquid.
You feel weakened.
You feel dopey.
You feel clumsy.
The gnoll hits you from afar with a +0 spear.
The gnoll hits you with a +0 spear.
It was a potion of cancellation.
You feel magically purged. The gnoll hits you but does no damage.
The gnoll closely misses you.
It was a potion of mutation.
You feel extremely strange.
You feel yourself wasting away.
You feel frail.
You feel your magical essence link to the dungeon's wands.
The gnoll closely misses you. The gnoll hits you with a +0 spear.
As you read the scroll labelled ONKOSY MUMUT, it crumbles to dust.
You feel aware of your surroundings.
You sensed 1 shop/portal.
It was a scroll of magic mapping.
The gnoll hits you with a +0 flail. The gnoll barely misses you.
The gnoll hits you with a +0 whip of pain.
* * * LOW HITPOINT WARNING * * *
You writhe in agony.
* * * LOW HITPOINT WARNING * * *
The gnoll hits you with a +0 spear.
* * * LOW HITPOINT WARNING * * *
Unknown command.
Okay, then.
As you read the scroll labelled IGAIWNOCOO, it crumbles to dust.
You feel strangely unstable.
It was a scroll of teleportation.
The gnoll barely misses you.
The gnoll hits you from afar with a +0 spear.
You die...

,,,,**
*,,,,,,,,,,,,****,,,,,,
,,,,** #...........#*
**,,,,, ,,,,,**
*...........* **,,,,
,,,,,,*** *#...!.....#*
**,,, ,,,,,,,,* #.........#
***,,,, ,,,,,,,,**
*#.......#* *#.,,,,,
,,,,,,,,,** *#..g..#*
*##..***,, ,,,,,,,,,,*
##.gg..#####...** ***
,,,,,,,,,,###..g@........#**
* ,,,*,,,,,...............#*
*,,******###.....≈≈≈....#
*,,* ###..≈≈(≈≈...# *,,*
#..≈≈∩≈≈..## *,,*
###..≈≈≈≈≈.(# *,,*
**#.....≈≈≈...# *,,*
***,............# *,,*
***,,,..........†.#


You could see 4 gnolls.

Vanquished Creatures
  Grinder (D:3)
  A scorpion (D:4)
  A hound (D:3)
  A gnoll (D:3)
  An adder (D:3)
  An ufetubus (D:3)
  3 dart slugs
  An orc (D:3)
  4 bats
  6 endoplasms
  8 giant cockroaches
  7 goblins
  5 hobgoblins
  A jackal (D:3)
  A quokka (D:2)
  12 ball pythons
  2 frilled lizards
  4 kobolds
  10 rats
70 creatures vanquished.

Notes
Turn   | Place    | Note
-------+----------+-------------------------------------------
     0 | D:1      | NinjaNoafa the Gnoll Arcane Marksman began the quest for
                  | the Orb.
     0 | D:1      | Reached XP level 1. HP: 17/17 MP: 4/4
   152 | D:1      | Reached XP level 2. HP: 17/23 MP: 3/5
   737 | D:1      | Reached XP level 3. HP: 24/28 MP: 7/7
  1205 | D:2      | Reached skill level 1 in Invocations
  1449 | D:2      | Found a faded altar of an unknown god.
  1498 | D:3      | Reached skill level 1 in Short Blades
  1498 | D:3      | Reached skill level 1 in Long Blades
  1498 | D:3      | Reached skill level 1 in Axes
  1498 | D:3      | Reached skill level 1 in Maces & Flails
  1498 | D:3      | Reached skill level 1 in Polearms
  1498 | D:3      | Reached skill level 1 in Staves
  1498 | D:3      | Reached skill level 1 in Slings
  1498 | D:3      | Reached skill level 1 in Bows
  1498 | D:3      | Reached skill level 1 in Throwing
  1498 | D:3      | Reached skill level 1 in Armour
  1498 | D:3      | Reached skill level 1 in Stealth
  1498 | D:3      | Reached skill level 1 in Shields
  1498 | D:3      | Reached skill level 1 in Unarmed Combat
  1498 | D:3      | Reached skill level 1 in Evocations
  1498 | D:3      | Reached XP level 4. HP: 34/34 MP: 8/8
  1796 | D:3      | Reached skill level 1 in Conjurations
  1796 | D:3      | Reached skill level 1 in Summonings
  1796 | D:3      | Reached skill level 1 in Necromancy
  1796 | D:3      | Reached skill level 1 in Translocations
  1796 | D:3      | Reached skill level 1 in Transmutations
  1796 | D:3      | Reached skill level 1 in Fire Magic
  1796 | D:3      | Reached skill level 1 in Ice Magic
  1796 | D:3      | Reached skill level 1 in Air Magic
  1796 | D:3      | Reached skill level 1 in Earth Magic
  1796 | D:3      | Reached skill level 1 in Poison Magic
  2518 | D:3      | Noticed Grinder
  2530 | D:3      | Killed Grinder
  2531 | D:3      | Reached skill level 5 in Crossbows
  2531 | D:3      | Reached skill level 5 in Dodging
  2531 | D:3      | Reached XP level 5. HP: 27/41 MP: 8/10
  2531 | D:3      | Reached XP level 6. HP: 31/47 MP: 8/11
  2973 | D:4      | Identified the +6 broad axe "Raefiul" {vorpal, Will+ Int+2}
  3060 | D:4      | Found a glowing drain.
  3093 | D:4      | Gained mutation: Your body sometimes deteriorates upon
                  | taking damage. [potion of mutation]
  3093 | D:4      | Gained mutation: You are frail. (-10% HP) [potion of
                  | mutation]
  3093 | D:4      | Gained mutation: You expend magic power (3 MP) to
                  | strengthen your wands. [potion of mutation]
  3094 | D:4      | HP: 1/42 [gnoll/+0 spear (6)]
  3095 | D:4      | Slain by a gnoll

Illustrated notes

Levels and vault maps discovered:
D:1:      minmay_arrival_hallway, layout_basic
D:2:      layout_basic, chequers_ecumenical_altar_twisty
D:3:      layout_loops_corners, minmay_checkerbox, uniq_grinder
D:4:      layout_cave_pods, portal_sewer_entry_a,
          nicolae_ossuary_entry_catacombs, minmay_misc_feat_enclosed,
          uniq_sigmund

Skill      XL: |  1  2  3  4  5  6 |
---------------+-------------------+-----
Invocations    | 1 2 |  2.3
Short Blades   | 1 2 |  2.1
Long Blades    | 1 2 |  2.1
Axes           | 1 2 |  2.1
Maces & Flails | 1 2 |  2.1
Polearms       | 1 2 |  2.1
Staves         | 1 2 |  2.1
Slings         | 1 2 |  2.1
Bows           | 1 2 |  2.1
Throwing       | 1 2 |  2.1
Armour         | 1 2 |  2.1
Stealth        | 1 2 |  2.1
Shields        | 1 2 |  2.1
Unarmed Combat | 1 2 |  2.1
Spellcasting   | 3 |  3.5
Evocations     | 1 2 |  2.1
Conjurations   | 1 |  1.6
Summonings     | 1 |  1.6
Necromancy     | 1 |  1.6
Translocations | 1 |  1.6
Transmutations | 1 |  1.6
Fire Magic     | 1 |  1.6
Ice Magic      | 1 |  1.6
Air Magic      | 1 |  1.6
Earth Magic    | 1 |  1.6
Poison Magic   | 1 |  1.6
Fighting       | 3 |  3.3
Crossbows      | 5 |  5.0
Dodging        | 5 |  5.0
Hexes          | |  5.7

Action                   |  1- 3 |  4- 6 || total
-------------------------+-------+-------++-------
Melee: Hand crossbow     |     4 |       ||     4
       Bite              |     2 |     4 ||     6
       Battleaxe         |       |    19 ||    19
       Flail             |       |    12 ||    12
       Broad axe         |       |    19 ||    19
 Fire: Hand crossbow     |    95 |    39 ||   134
Throw: Boomerang         |     5 |       ||     5
 Cast: Slow              |     1 |       ||     1
  Use: Potion            |       |     5 ||     5
       Scroll            |       |     2 ||     2
 Stab: Sleeping          |       |     2 ||     2
Armor: Robe              |    11 |    14 ||    25
Dodge: Dodged            |    31 |    57 ||    88
